 Dungeon Crawl Stone Soup version 0.28-a0-750-g7c675f85b1 (webtiles) character file.

Game seed: 5750423288199145605

182 ytrimaz the Chopper (level 5, -7/61 HPs)
             Began as a Demonspawn Gladiator on Oct 29, 2021.
             Mangled by an ogre (16 damage)
             ... on level 4 of the Dungeon.
             The game lasted 00:03:38 (2935 turns).

ytrimaz the Chopper (Demonspawn Gladiator)          Turns: 2935, Time: 00:03:38

Health: -7/61      AC: 22    Str: 16    XL:     5   Next: 35%
Magic:  5/5        EV:  2    Int:  9    God:
Gold:   63         SH:  0    Dex: 14    Spells: 4/4 levels left

rFire   + . .      SeeInvis .   a - +0 war axe
rCold   + . .      Faith    +   (no shield)
rNeg    . . .      Spirit   .   (armour currently unavailable)
rPois   +          Reflect  .   (helmet currently unavailable)
rElec   +          Harm     .   (cloak currently unavailable)
rCorr   +          Rampage  .   (gloves currently unavailable)
Will    .....      NoTele   +   (boots currently unavailable)
Stlth   +.........              c - amulet of faith
HPRegen 0.20/turn               (no ring)
MPRegen 0.09/turn               (no ring)

@: tree-form, resistant
A: stationary, stasis, torment immunity, boosted hp, (horns 1), (sharp scales 2)
a: no special abilities


You were on level 4 of the Dungeon.
You were a tree.
You visited 1 branch of the dungeon, and saw 4 of its levels.

You collected 63 gold pieces.

Inventory:

Hand Weapons
 a - a +0 war axe (weapon)
Missiles
 d - 4 throwing nets (quivered)
Armour
 b - a +1 leather armour (melded)
 h - a +2 kite shield
Jewellery
 c - an amulet of faith (around neck)
Wands
 g - a wand of mindburst (16)
Scrolls
 e - a scroll of amnesia {unknown}
 i - a scroll of blinking
 l - 3 scrolls of teleportation
 n - a scroll of noise {unknown}
Potions
 j - a potion of resistance
 k - a potion of flight {unknown}
 m - a potion of heal wounds {unknown}


   Skills:
 * Level 3.2 Fighting
 + Level 4.0 Axes
 - Level 1.7 Throwing
 * Level 2.2 Armour
 + Level 3.1 Dodging


You had 4 spell levels left.
You didn't know any spells.
Your spell library contained the following spells:

 Spells                   Type           Power      Damage    Failure   Level
 Magic Dart               Conj           0%         1d3       38%         1
 Call Imp                 Summ           0%         N/A       52%         2
 Mephitic Cloud           Conj/Pois/Air  0%         N/A       77%         3


Dungeon Overview and Level Annotations

Branches:
Dungeon (4/15)
 Temple: D:4-7

Altars:
Fedhas


Innate Abilities, Weirdness & Mutations

You are a tree.
Your roots penetrate the ground, keeping you stationary.
You cannot be teleported.
You are immune to unholy pain and torment.
Your maximum health is greatly increased.
Your equipment is partially melded.
((You have a pair of small horns on your head.))
((You are mostly covered in razor-sharp scales. (AC +2, Slay +2)))


Message History

The ogre is heavily wounded.
The ogre closely misses you.
You slash the ogre!
The ogre is almost dead.
The ogre misses you.
You hit the ogre.
You kill the ogre!
Your Fighting skill increases to level 3!
Your Axes skill increases to level 4!
Your Armour skill increases to level 2!
You have reached level 5!
Your demonic ancestry asserts itself...
Sharp scales spread over more of your body.
It was a potion of lignification.
You turn into a tree.
Your +1 leather armour melds into your body.
Your roots penetrate the ground.
A ball python comes into view.
The ball python hisses angrily.
You hit the ogre.
The ogre is lightly wounded.
The ogre hits you with a +0 giant club.
You hit the ogre.
The ogre is moderately wounded.
The ogre barely misses you.
You hit the ogre.
The ogre is heavily wounded.
The ogre hits you with a +0 giant club!!
You barely miss the ogre.
The ogre is heavily wounded.
The ogre barely misses you.
You hit the ogre.
The ogre is heavily wounded.
The ogre hits you with a +0 giant club!
You hit the ogre.
The ogre is severely wounded.
The ogre hits you with a +0 giant club!!
* * * LOW HITPOINT WARNING * * *
You barely miss the ogre.
The ogre is severely wounded.
The ogre hits you with a +0 giant club!
You die...

#.#+#.....#
#.....###.####
....(.'......#
......####.#.#
...### #.#.#
.... #...#
##$.# #..#
##♣# #O# #S.
.... .....
#.....#
#.....#
#...?.#


You could see an ogre and a ball python.

Vanquished Creatures
  An ogre (D:4)
  2 adders (D:3)
  2 worms
  3 dart slugs
  5 ball pythons
  8 bats
  3 endoplasms
  5 giant cockroaches
  7 goblins
  8 hobgoblins
  7 kobolds
  2 quokkas
  7 frilled lizards
  5 rats
65 creatures vanquished.

Notes
Turn   | Place    | Note
-------+----------+-------------------------------------------
     0 | D:1      | ytrimaz the Demonspawn Gladiator began the quest for the
                  | Orb.
     0 | D:1      | Reached XP level 1. HP: 16/16 MP: 1/1
   410 | D:1      | Gained mutation: You are partially covered in razor-sharp
                  | scales. (AC +1, Slay +1) [demonic ancestry]
   410 | D:1      | Reached XP level 2. HP: 21/22 MP: 2/2
   426 | D:1      | Reached skill level 3 in Axes
  1005 | D:1      | Gained mutation: You have a pair of small horns on your
                  | head. [demonic ancestry]
  1005 | D:1      | Reached XP level 3. HP: 28/28 MP: 3/3
  1389 | D:2      | Found a faded altar of an unknown god.
  1458 | D:2      | Reached skill level 1 in Armour
  2242 | D:3      | Reached XP level 4. HP: 34/34 MP: 4/4
  2601 | D:3      | Found a blossoming altar of Fedhas.
  2919 | D:4      | Noticed an ogre
  2923 | D:4      | Noticed an ogre
  2927 | D:4      | Killed an ogre
  2928 | D:4      | Reached skill level 4 in Axes
  2928 | D:4      | Gained mutation: You are mostly covered in razor-sharp
                  | scales. (AC +2, Slay +2) [demonic ancestry]
  2928 | D:4      | Reached XP level 5. HP: 41/41 MP: 5/5
  2935 | D:4      | Mangled by an ogre

Illustrated notes

Levels and vault maps discovered:
D:1:      nicolae_arrival_somewhat_less_tricky_arrival, layout_loops_ring,
          serial_glass, glass_columns_b, glass_columns_b, item_on_display_a,
          feat_on_display, feat_on_display, due_unseen_surprise
D:2:      layout_basic, shapermc_ecumenical_altar_ellora
D:3:      layout_rooms, fedhas_altar_fruit_tree
D:4:      layout_basic, gammafunk_ghost_stat_death

Skill      XL: |  1  2  3  4 |
---------------+-------------+-----
Axes           | 3 4 |  4.0
Armour         | 1 2 |  2.2
Dodging        | 3 |  3.1
Fighting       | 3 |  3.2
Throwing       | |  1.7

Action                   |  1- 3 |  4- 6 || total
-------------------------+-------+-------++-------
Melee: War axe           |    89 |    37 ||   126
       Headbutt          |     6 |     4 ||    10
  Use: Scroll            |     3 |       ||     3
       Potion            |       |     2 ||     2
 Stab: Sleeping          |     1 |     1 ||     2
Armor: Leather armour    |    37 |    11 ||    48
Dodge: Dodged            |    89 |    19 ||   108

Table legend: (Time is in decaauts)
 A = Elapsed time spent in this place.
 B = Non-inter-level travel time spent in this place.
 C = Inter-level travel time spent in this place.
 D = Time resting spent in this place.
 E = Time spent auto-exploring this place.
 F = Levels seen in this place.
 G = Mean time per level.
                   A        B        C        D        E       F      G
               +--------+--------+--------+--------+--------+-----+--------+
         Total |   2976 |   2875 |    101 |    323 |   2016 |   4 |  744.0 |
       Dungeon |   2976 |   2875 |    101 |    323 |   2016 |   4 |  744.0 |
               +--------+--------+--------+--------+--------+-----+--------+

Top non-repeatable levels by time:
     D:1: 1166 daAuts
     D:2: 1011 daAuts
     D:3: 593 daAuts
     D:4: 205 daAuts
